 Dungeon Crawl Stone Soup version 0.29.1-2-gbd0b4ee654 (webtiles) character file.

Game seed: 9331269599624161980

32 zeram the Magician (level 3, -4/25 HPs)
             Began as a Djinni Summoner on Nov 10, 2022.
             Slain by a worm (10 damage)
             ... on level 1 of the Dungeon.
             The game lasted 00:03:08 (1979 turns).

zeram the Magician (Djinni Summoner)                Turns: 1979, Time: 00:03:09

Health: -4/25      AC:  2    Str:  7    XL:     3   Next: 42%
Gold:   35         EV: 12    Int: 18    God:
                   SH:  0    Dex: 13

rFire   + + .      SeeInvis .   c - +0 dagger
rCold   x . .      Faith    .   (no shield)
rNeg    . . .      Spirit   .   a - +0 robe
rPois   ∞          Reflect  .   (no helmet)
rElec   .          Harm     .   (no cloak)
rCorr   .          Rampage  .   (no gloves)
Will    .....                   (boots unavailable)
Stlth   ++........              (no amulet)
HPRegen 0.08/turn               (no ring)
MPRegen 0.00/turn               (no ring)

@: brilliant, attractive, flying
A: sickness immunity, fire resistance 2, cold vulnerability 1, float, innate
caster, HP casting, extra vitality 1
a: no special abilities


You were on level 1 of the Dungeon.
You visited 1 branch of the dungeon, and saw 2 of its levels.

You collected 35 gold pieces.

Inventory:

Hand Weapons
 c - a +0 dagger (weapon)
Armour
 a - a +0 robe (worn)
Jewellery
 d - a +4 ring of evasion


   Skills:
 + Level 2.5 Dodging
 - Level 1.5 Stealth
 + Level 3.9 Spellcasting


You couldn't memorise any spells.
You knew the following spells:

 Your Spells              Type           Power      Damage    Failure   Level
a - Summon Small Mammal   Summ           100%       N/A       3%          1
b - Call Imp              Summ           26%        N/A       4%          2
c - Call Canine Familiar  Summ           26%        N/A       9%          3
d - Summon Guardian Gole  Hex/Summ       26%        N/A       9%          3
e - Summon Lightning Spi  Summ/Air       26%        N/A       28%         4
f - Apportation           Tloc           52%        N/A       3%          1
Your spell library was empty.

Dungeon Overview and Level Annotations

Branches:
Dungeon (2/15)

Altars:


Innate Abilities, Weirdness & Mutations

You are immune to sickness and miasma.
You are immune to poison.
Your flesh is very heat resistant. (rF++)
You are vulnerable to cold. (rC-)
You float through the air rather than walking.
You learn spells naturally, not from books.
Your magical power is your life essence.
You have superior vitality. (+4 MHP)


Message History

Found a leather armour.
Found a stone staircase leading up.
There is a stone staircase leading up here.
There are monsters nearby!
There are monsters nearby!
There are monsters nearby!
The kobold barely misses you.
You fly upwards.
There is a stone staircase leading down here.
Casting: Call Imp (safe; 4% risk of failure)
Confirm with . or Enter, or press ? or * to list all spells.
A beastly little devil appears in a puff of flame.
The kobold hits you with a +0 dagger.
You closely miss the kobold. The kobold barely misses you.
You hit the kobold.
The kobold is moderately wounded.
The kobold misses you.
Your crimson imp hits the kobold.
The kobold dies!
No target in view!
No target in view!
No target in view!
You start resting.
Your crimson imp disappears in a puff of smoke!
HP restored.
You fly downwards.
The worm bites you! The goblin misses you. The adder completely misses you.
There is a stone staircase leading up here.
The adder barely misses you. The goblin hits you with a +0 club.
The worm bites you!
* * * LOW HITPOINT WARNING * * *
You fly upwards.
There is a stone staircase leading down here.
You aren't carrying any scrolls.
It was a potion of attraction.
You feel attractive to monsters. The adder bites you but does no damage.
The goblin hits you but does no damage.
It was a potion of brilliance.
You feel clever all of a sudden. The adder bites you but does no damage.
The goblin barely misses you. The worm bites you!
You die...

####.#.#.##### #.######.
#.#.#.# #........ #.#.#.#
######### ######.#.#.#
#......#.#.#####
#.######.......#
#.#........###.##############
#.#.#########w...............
#.#.#### #@S÷..............
#.#....#####g#.##############
#.#........#.#.# ####
#.#....###.#.#.# ##<##
#.#.....##.#.#.# ###...#
#.#.......†#.#.# #...≈..
#.###'####.#.#.# #.♣.≈.♣
#.....######.#.#### #...≈..
########.....#....# #.⌠.≈.⌠


You could see a worm, an adder and a goblin.

Vanquished Creatures
  4 bats (D:1)
  An endoplasm (D:1)
  2 giant cockroaches (D:1)
  2 hobgoblins (D:1)
  A jackal (D:1)
  2 ball pythons (D:1)
  3 goblins (D:1)
  A rat (D:1)
16 creatures vanquished.

Vanquished Creatures (collateral kills)
  A dart slug (D:1)
  An endoplasm (D:1)
  A goblin (D:1)
  2 hobgoblins (D:1)
  3 jackals (D:1)
  A frilled lizard (D:1)
  A kobold (D:1)
10 creatures vanquished.

Grand Total: 26 creatures vanquished

Notes
Turn   | Place    | Note
-------+----------+-------------------------------------------
     0 | D:1      | zeram the Djinni Summoner began the quest for the Orb.
     0 | D:1      | zeram set off with the following spells memorised: Summon
                  | Small Mammal, Call Imp, Call Canine Familiar, Summon
                  | Guardian Golem, Summon Lightning Spire.
     0 | D:1      | Reached XP level 1. HP: 15/15 MP: 0/0
   334 | D:1      | Reached XP level 2. HP: 13/21 MP: 0/0
  1067 | D:1      | Reached XP level 3. HP: 16/25 MP: 0/0
  1067 | D:1      | Learned a level 1 spell: Apportation
  1979 | D:1      | Slain by a worm

Illustrated notes

Levels and vault maps discovered:
D:1:      mainiacjoe_arrival_reflecting_pool, layout_basic
D:2:      minmay_chambers_of_ones, layout_basic, basic_altar,
          ebering_ecumenical_altar_mist, grunt_ministairs_10

Action                   || total
-------------------------++-------
Melee: Dagger            ||   109
       Unarmed           ||    11
 Cast: Summon Small Mamm ||     5
       Call Imp          ||     7
  Use: Scroll            ||     2
       Potion            ||     2
 Stab: Sleeping          ||     5
Armor: Robe              ||    34
Dodge: Dodged            ||    96
